 Dungeon Crawl Stone Soup version 0.19.5 (webtiles) character file.

161 Huebastard the Chopper (level 5, -3/46 HPs)
             Began as a Hill Orc Fighter on Apr 2, 2017.
             Slain by an ogre
             ... wielding a +0 giant club
              (27 damage)
             ... on level 3 of the Dungeon.
             The game lasted 00:16:42 (2534 turns).

Huebastard the Chopper (Hill Orc Fighter)           Turns: 2534, Time: 00:16:43

Health: -3/46      AC: 12    Str: 20    XL:     5   Next: 42%
Magic:  5/5        EV:  5    Int:  8    God:
Gold:   92         SH:  9    Dex: 10    Spells: 0 memorised, 4 levels left

rFire  . . .     SeeInvis .     a - +0 war axe
rCold  . . .     Gourm    .     k - +0 chain mail
rNeg   + . .     Faith    .     c - +0 shield
rPois  .         Spirit   .     u - +1 helmet
rElec  .         Reflect  .     x - +0 cloak
rCorr  .         Harm     .     (no gloves)
MR     .....                    (no boots)
Stlth  ..........               (no amulet)
                                (no ring)
                                n - ring of positive energy

@: no status effects
A: no striking features
a: no special abilities


You were on level 3 of the Dungeon.
You were not hungry.

You visited 1 branch of the dungeon, and saw 3 of its levels.

You collected 92 gold pieces.

Inventory:

Hand Weapons
 a - a +0 war axe (weapon)
Missiles
 e - 113 stones
 A - 3 tomahawks (quivered)
Armour
 b - a +0 scale mail
 c - a +0 shield (worn)
 k - a +0 chain mail (worn)
 u - a +1 helmet (worn)
 x - a +0 cloak (worn)
Jewellery
 n - a ring of positive energy (left hand)
 C - a +3 ring of dexterity {unknown}
Wands
 B - a wand of disintegration (13/24)
Scrolls
 g - 2 scrolls of fog {unknown}
 i - 2 scrolls of noise {unknown}
 j - a scroll of random uselessness {unknown}
 m - a scroll of teleportation {unknown}
 p - a scroll of enchant weapon {unknown}
 r - 2 scrolls of blinking {unknown}
 y - a scroll of amnesia {unknown}
 z - 2 scrolls of identify {unknown}
Potions
 d - 2 potions of might
 h - a potion of degeneration {unknown}
 s - 2 potions of cancellation {unknown}
 t - 2 potions of curing {unknown}
 v - a potion of invisibility {unknown}
 w - a potion of magic {unknown}
 D - a potion of ambrosia {unknown}
Comestibles
 f - 3 bread rations
 l - 2 meat rations
 o - 2 fruits
 q - a chunk of flesh


   Skills:
 + Level 4.1 Fighting
 + Level 5.2 Axes
 + Level 4.3 Armour
 + Level 0.1 Dodging
 + Level 0.3 Stealth
 + Level 3.9 Shields


You had 4 spell levels left.
You didn't know any spells.

Dungeon Overview and Level Annotations

Branches:
Dungeon (3/15)

Altars:

Annotations:
D:2 Sigmund


Message History

You block the poisoned needle.
There is a stone staircase leading up here.
You see here a poisoned needle.
You closely miss the giant cockroach. You block the giant cockroach's attack.
You hit the giant cockroach.
You kill the giant cockroach!
You slash the ogre!
The ogre is moderately wounded.
The ogre hits you with a giant club.
You barely miss the ogre.
The ogre is moderately wounded.
You block the ogre's attack.
You slash the ogre!
The ogre is severely wounded.
The ogre hits you with a giant club!
You hit the ogre.
The ogre is almost dead.
The ogre hits you with a giant club! The ogre hits you with a giant club!!
Ouch! That really hurt!
You die...

# ############# ## ........K...##
###############.
........<#...#####..............#
...K....)..#.KKO@..#############.
.....K##.#...####### ##
(....###.##.## # ....## #.##.#
...# #.##.# .#. #....# #
#..######### ........><...#
#.##..#.#####.#


You could see an ogre and 2 kobolds.

Vanquished Creatures
  Terence (D:2)
  Natasha (D:3)
  4 adders (D:2)
  2 worms (D:2)
  5 dart slugs
  A leopard gecko (D:1)
  An orc (D:3)
  4 giant cockroaches
  7 hobgoblins
  2 ball pythons
  5 bats
  7 frilled lizards
  8 goblins
  4 kobolds (D:1)
  12 rats
64 creatures vanquished.

Notes
Turn   | Place    | Note
-------+----------+-------------------------------------------
     0 | D:1      | Huebastard the Hill Orc Fighter began the quest for the Orb.
     0 | D:1      | Reached XP level 1. HP: 19/19 MP: 1/1
   273 | D:1      | Reached skill level 3 in Axes
   273 | D:1      | Reached XP level 2. HP: 27/27 MP: 2/2
   718 | D:1      | Reached XP level 3. HP: 33/33 MP: 3/3
  1158 | D:2      | Noticed Sigmund
  1211 | D:2      | Reached skill level 4 in Axes
  1260 | D:2      | Reached XP level 4. HP: 29/40 MP: 4/4
  1978 | D:2      | Noticed Terence
  1993 | D:2      | Killed Terence
  1993 | D:2      | Reached XP level 5. HP: 38/46 MP: 5/5
  2227 | D:3      | Noticed Natasha
  2234 | D:3      | Killed Natasha
  2234 | D:3      | Reached skill level 5 in Axes
  2513 | D:3      | Noticed an ogre
  2534 | D:3      | Slain by an ogre

Skill      XL: |  1  2  3  4  5 |
---------------+----------------+-----
Axes           | 3 4 5 |  5.2
Fighting       | 4 |  4.1
Armour         | 4 |  4.3
Dodging        | |  0.1
Stealth        | |  0.3
Shields        | |  3.9

Action                   |  1- 3 |  4- 6 || total
-------------------------+-------+-------++-------
Melee: War axe           |   134 |   110 ||   244
Throw: Tomahawk          |       |     3 ||     3
  Eat: Chunk             |     1 |     5 ||     6
Armor: Scale mail        |    30 |       ||    30
       Chain mail        |    32 |    67 ||    99
Dodge: Dodged            |    33 |    30 ||    63
Block: Shield            |    49 |    61 ||   110
